 Dungeon Crawl Stone Soup version 0.31.0-32-g396128a36d (webtiles) character file.

Game seed: 1548354124885144166

17159 mshrm the Grappler (level 12, -6/97 HPs)
             Began as a Merfolk Shapeshifter on Mar 26, 2024.
             Was a Follower of Ru.
             Mangled by a ghost moth (9 damage)
             ... on level 2 of the Lair of Beasts.
             The game lasted 00:32:45 (15291 turns).

mshrm the Grappler (Merfolk Shapeshifter)          Turns: 15291, Time: 00:32:46

Health: -6/97      AC: 11    Str: 17 (18) XL:     12   Next: 45%
Magic:  0/12       EV:  8    Int:  9      God:    Ru [*.....]
Gold:   463        SH: 17    Dex: 15      Spells: 11/11 levels left

rFire   . .          .
                       - Unarmed
rCold   . . .        Q - +2 kite shield {AC+3}
rNeg    . . .        A - +0 chain mail
rPois   .            C - melded +0 helmet
rElec   .            (cloak currently unavailable)
rCorr   .            E - melded +0 pair of gloves
SInv    +            O - melded +1 pair of boots {Fly}
Will    +....        P - amulet of reflection Stlth
                     M - ring of see invisible
HPRegen 0.36/turn    q - ring of willpower
MPRegen 0.13/turn

%: reflection
@: mighty, beast-form
A: beast (slay +4), no earth magic, no alchemy magic, no translocations magic,
(nimble swimmer 2), mertail
a: Begin Untransformation, Renounce Religion


You were on level 2 of the Lair of Beasts.
You worshipped Ru.
Ru was aware of your devotion.
You were a hulking beast.
You visited 2 branches of the dungeon, and saw 13 of its levels.
You also visited: Sewer and Ossuary.

You collected 974 gold pieces.
You spent 511 gold pieces at shops.

Inventory:

Hand Weapons
 b - a +0 sling of flaming
Missiles
 e - 3 curare-tipped darts
 k - 89 stones
 v - 7 poisoned darts
 T - 4 javelins (quivered)
Armour
 A - a +0 chain mail (worn)
 C - a +0 helmet (melded)
 D - an orb of wrath
 E - a +0 pair of gloves (melded)
 O - a +1 pair of boots of flying (melded)
 Q - a +2 kite shield of protection (worn)
Jewellery
 q - a ring of willpower (right hand)
 t - a ring of fire
 G - a ring of ice
 H - a ring of flight
 I - a ring of magical power
 M - a ring of see invisible (left hand)
 P - an amulet of reflection (around neck)
 S - a ring of ice
Talismans
 c - a beast talisman (active)
 d - a flux talisman
Wands
 m - a wand of mindburst (9)
 u - a wand of flame (69)
 x - a wand of charming (44)
 J - a wand of roots (3)
 L - a wand of polymorph (10)
Scrolls
 l - 2 scrolls of amnesia
 n - 3 scrolls of teleportation
 w - a scroll of identify
 y - 4 scrolls of fog
 B - a scroll of torment
 K - 2 scrolls of enchant weapon
 R - a scroll of immolation
Potions
 a - 4 potions of curing
 f - 3 potions of might
 g - 3 potions of cancellation
 h - 2 potions of haste
 i - 2 potions of mutation
 j - 5 potions of attraction
 o - 7 potions of heal wounds
 r - 5 potions of resistance
 s - a potion of brilliance
 z - 5 potions of invisibility
 F - 4 potions of enlightenment
Miscellaneous
 N - a phantom mirror


   Skills:
 + Level 9.9 Fighting
 - Level 6.0 Dodging
 - Level 2.0 Stealth
 * Level 6.1 Shields
 * Level 14.2 Unarmed Combat
 + Level 4.9 Evocations
 - Level 11.3 Shapeshifting


You had 11 spell levels left.
You didn't know any spells.
Your spell library contained the following spells:

 Spells                   Type           Power      Damage    Failure   Level
 Ensorcelled Hibernation  Hex/Ice        0%         N/A       100%        2
 Call Canine Familiar     Summ           0%         N/A       100%        3
 Sigil of Binding         Hex            0%         N/A       100%        3
 Swiftness                Air            0%         N/A       100%        3
 Passwall                 Erth           Unusable   N/A       N/A         3
 Dimensional Bullseye     Hex/Tloc       Unusable   N/A       N/A         4

Dungeon Overview and Level Annotations

Branches:
Dungeon (11/15)            Temple (0/1) D:7            Lair (2/5) D:11
    Orc (0/2) D:9           Sewer (visited)         Ossuary (visited)
  Swamp: Lair:2-3    Shoals: Lair:2-3     Snake: Lair:2-3    Spider: Lair:2-3

Altars:
Ashenzari
Cheibriados
Dithmenos
Elyvilon
Fedhas
Gozag
Kikubaaqudgha
Qazlal
Ru
Sif Muna
Trog
Uskayaw

Shops:
D:2 ?   D:3 :*!

Annotations:
D:9 2 runed translucent doors


Innate Abilities, Weirdness & Mutations

You are a hulking beast.
Your limbs bulge with bestial killing power. (Slay +4)
You cannot study or cast Earth magic.
You cannot study or cast Alchemy magic.
You cannot study or cast Translocations magic.
((You are very nimble when in or above water. (Stealth+, EV+, Speed+++)))
Your lower body shifts to a powerful aquatic tail in water.


Message History

Aiming: Polymorph
Press: ? - help, Shift-Dir - straight line, f/p - five-headed hydra
Aim: a five-headed hydra (will become an ice dragon, a spark wasp, or a ghost moth, chance to affect: 27%)
The five-headed hydra evaporates and reforms as a ghost moth!
The ghost moth begins to attack, but is stunned by your conviction!
A blink frog comes into view.
The blink frog croaks.
You hear a loud, deep croak!
You hear a croak.
You hear an angry hiss.
You punch the ghost moth!
The ghost moth is lightly wounded.
The ghost moth stares at you.
You feel your power leaking away.
You block the ghost moth's attack. x2; The ghost moth stings you!
You hit the ghost moth.
The ghost moth is lightly wounded.
The ghost moth stares at you.
You feel your power leaking away.
The ghost moth hits you but does no damage.
You block the ghost moth's attack. The ghost moth stings you.
You feel weakened.
You feel very mighty all of a sudden.
A blink frog comes into view.
The ghost moth stares at you. The ghost moth hits you!
* * * LOW HITPOINT WARNING * * *
The ghost moth hits you but does no damage.
You block the ghost moth's attack.
The blink frog blinks!
You closely miss the ghost moth.
The ghost moth is lightly wounded.
The ghost moth hits you!
* * * LOW HITPOINT WARNING * * *
You block the ghost moth's attack.
The ghost moth stings you but does no damage.
You barely miss the ghost moth.
The ghost moth is lightly wounded.
The ghost moth stares at you. The ghost moth hits you!
* * * LOW HITPOINT WARNING * * *
The ghost moth hits you!
You die...

# ### #
#P#####P##.###.
#..............
#...........D..
#...##.###.....
# #P.# ##....
##.##.F# .
#...y.#
##..h.##
#P....#
#.....P#
#.###..# ## ###


You could see a ghost moth (invisible) and a blink frog.

Vanquished Creatures
  Gastronok (Lair:1)
  The ghost of rundlesten the Fighter, a journeyman DrSh of Makhleb (Lair:1)
  Fannar (Lair:1)
  A two-headed ogre (D:9)
  A cyclops (D:11)
  2 black mambas (Lair:1)
  A gargoyle (D:10)
  2 unseen horrors (D:11)
  An orange demon (Lair:2)
  A cane toad (Lair:1)
  A komodo dragon (D:10)
  A rime drake (Lair:1)
  2 tengu conjurers
  3 trolls
  A hornet (D:9)
  7 blink frogs (Lair:1)
  A blink frog (shapeshifter) (D:10)
  3 wyverns
  3 wraiths
  22 yaks
  3 basilisks
  A warg (D:8)
  A steam dragon (D:9)
  Menkaure (D:6)
  2 water moccasins (Lair:1)
  2 orc warriors
  Pargi (Sewer)
  3 ice beasts
  An ogre (D:4)
  2 centaurs
  2 wolves
  A phantom (D:6)
  An elf zombie (Ossuary)
  2 bullfrogs
  A brain worm (Sewer)
  A gnoll sergeant (D:8)
  3 scorpions
  3 wights (D:8)
  12 killer bees
  2 howler monkeys (D:8)
  4 bombardier beetles
  5 orc priests
  4 hounds
  2 jellies
  2 gnoll boudas
  2 iguanas
  3 sleepcaps
  8 orc wizards
  A hound zombie (Ossuary)
  4 mummies (Ossuary)
  16 gnolls
  6 adders
  A shadow imp (D:8)
  2 white imps
  2 ufetubi (D:5)
  An adder zombie (Ossuary)
  3 dart slugs
  4 ribbon worms
  22 orcs
  7 bats
  5 endoplasms
  5 giant cockroaches
  8 hobgoblins
  8 jackals
  8 kobolds
  2 quokkas
  7 ball pythons
  6 frilled lizards
  2 gnoll zombies (Ossuary)
  7 goblins
  A goblin zombie (Ossuary)
  A hobgoblin zombie (Ossuary)
  A jackal zombie (Ossuary)
  2 kobold zombies (Ossuary)
  5 rats
  2 rat zombies (Ossuary)
270 creatures vanquished.

Notes
Turn   | Place    | Note
-------+----------+-------------------------------------------
     0 | D:1      | mshrm the Merfolk Shapeshifter began the quest for the Orb.
     0 | D:1      | Reached XP level 1. HP: 15/15 MP: 1/1
   113 | D:1      | Reached XP level 2. HP: 21/21 MP: 2/2
   545 | D:1      | Reached XP level 3. HP: 26/26 MP: 3/3
   776 | D:2      | Reached skill level 1 in Stealth
   858 | D:2      | Found Kerasm's Magic Scroll Shop.
  1006 | D:2      | Bought a scroll of teleportation for 39 gold pieces
  1119 | D:2      | Reached skill level 4 in Unarmed Combat
  1145 | D:2      | Reached XP level 4. HP: 32/33 MP: 4/4
  1433 | D:3      | Found Amiurase's Distillery.
  1433 | D:3      | Found Dytifi's Book Emporium.
  1446 | D:3      | Found a sacrificial altar of Ru.
  1463 | D:3      | Became a worshipper of Ru the Awakened
  1491 | D:3      | Found a glowing drain.
  1510 | D:3      | Reached skill level 5 in Shapeshifting
  1519 | Sewer    | Entered a sewer
  1554 | Sewer    | Noticed a brain worm
  1559 | Sewer    | Killed a brain worm
  1560 | Sewer    | Reached XP level 5. HP: 39/39 MP: 5/5
  1660 | Sewer    | Noticed Pargi
  1766 | Sewer    | Killed Pargi
  1767 | Sewer    | Reached skill level 5 in Unarmed Combat
  1767 | Sewer    | Reached XP level 6. HP: 26/46 MP: 6/6
  2262 | D:3      | Found a hide-covered altar of Uskayaw.
  2441 | D:3      | Found Miguxtuke's Assorted Antiques.
  2576 | D:4      | Found a sand-covered staircase.
  2586 | Ossuary  | Entered an ossuary
  2760 | Ossuary  | Reached XP level 7. HP: 26/52 MP: 7/7
  3162 | D:4      | Reached skill level 6 in Unarmed Combat
  3412 | D:4      | Found a bloodstained altar of Trog.
  3417 | D:4      | Found a shimmering blue altar of Sif Muna.
  3535 | D:4      | Found a broken altar of Ashenzari.
  3635 | D:4      | Found an ancient bone altar of Kikubaaqudgha.
  3811 | D:5      | Entered Level 5 of the Dungeon
  3894 | D:5      | Found a snail-covered altar of Cheibriados.
  3910 | D:5      | Reached XP level 8. HP: 50/60 MP: 8/8
  4408 | D:5      | Reached skill level 7 in Unarmed Combat
  5144 | D:6      | Noticed Menkaure
  5155 | D:6      | Killed Menkaure
  5230 | D:6      | Reached skill level 5 in Fighting
  5262 | D:6      | Reached skill level 8 in Unarmed Combat
  5477 | D:6      | Reached XP level 9. HP: 67/68 MP: 9/9
  5581 | D:6      | Gained mutation: You cannot study or cast Earth magic. [Ru
                  | sacrifice]
  5581 | D:6      | Gained mutation: You cannot study or cast Alchemy magic.
                  | [Ru sacrifice]
  5581 | D:6      | Gained mutation: You cannot study or cast Translocations
                  | magic. [Ru sacrifice]
  5581 | D:6      | Reached * piety under Ru
  5593 | D:6      | Found a shadowy altar of Dithmenos.
  5606 | D:6      | Found an opulent altar of Gozag.
  5667 | D:6      | Reached skill level 5 in Dodging
  6909 | D:7      | Found a staircase to the Ecumenical Temple.
  7358 | D:7      | Reached skill level 9 in Unarmed Combat
  7963 | D:8      | Found a stormy altar of Qazlal.
  7964 | D:8      | Found a blossoming altar of Fedhas.
  8977 | D:9      | Reached skill level 10 in Unarmed Combat
  9126 | D:9      | Reached XP level 10. HP: 77/77 MP: 10/10
  9132 | D:9      | Found a runed translucent door.
  9154 | D:9      | Noticed a two-headed ogre
  9169 | D:9      | Killed a two-headed ogre
  9170 | D:9      | Reached skill level 10 in Shapeshifting
  9316 | D:9      | Found a staircase to the Orcish Mines.
  9530 | D:9      | Found a runed translucent door.
  9540 | D:9      | Reached skill level 11 in Unarmed Combat
  9647 | D:9      | Found a white marble altar of Elyvilon.
  9747 | D:10     | Entered Level 10 of the Dungeon
 10426 | D:10     | Noticed a gargoyle
 10439 | D:10     | Killed a gargoyle
 10661 | D:9      | Reached skill level 12 in Unarmed Combat
 10661 | D:9      | Reached skill level 1 in Evocations
 10773 | D:10     | Reached XP level 11. HP: 75/86 MP: 11/11
 11874 | D:3      | Bought a potion of heal wounds for 135 gold pieces
 11874 | D:3      | Bought a potion of might for 108 gold pieces
 11874 | D:3      | Bought a scroll labelled WULUES DIR WIU for 27 gold pieces
 11874 | D:3      | Bought a runed kite shield for 202 gold pieces
 12567 | D:10     | Reached skill level 1 in Shields
 12579 | D:11     | Found a staircase to the Lair.
 12690 | Lair:1   | Entered Level 1 of the Lair of Beasts
 13142 | D:11     | Reached skill level 13 in Unarmed Combat
 13425 | D:11     | Noticed a cyclops
 13441 | D:11     | Killed a cyclops
 13696 | Lair:1   | Noticed Fannar
 13716 | Lair:1   | Killed Fannar
 14081 | Lair:1   | Reached XP level 12. HP: 71/96 MP: 12/12
 14312 | Lair:1   | Noticed Gastronok
 14332 | Lair:1   | Killed Gastronok
 14333 | Lair:1   | Reached skill level 5 in Shields
 14602 | Lair:1   | Found a runed translucent door.
 14602 | Lair:1   | Noticed rundlesten's ghost (journeyman DrSh)
 14708 | Lair:1   | Reached skill level 14 in Unarmed Combat
 14868 | Lair:1   | Killed rundlesten's ghost
 14981 | Lair:2   | Noticed Amaemon
 15041 | Lair:2   | Amaemon changed into Amaemon the centaur
 15041 | Lair:2   | Noticed Amaemon
 15046 | Lair:2   | Killed Amaemon the centaur
 15277 | Lair:2   | Noticed a five-headed hydra
 15284 | Lair:2   | a five-headed hydra changed into a ghost moth
 15284 | Lair:2   | Noticed a ghost moth
 15291 | Lair:2   | HP: 3/97 [ghost moth (14)]
 15291 | Lair:2   | Mangled by a ghost moth

Illustrated notes

Levels and vault maps discovered:
D:1:      dpeg_arrival_round_b, layout_loops_ring
D:2:      layout_basic, serial_shops, nicolae_shop_waterfront
D:3:      layout_rooms, eat_drink_and_be_merry_uskayaw, amcnicky_altar_gilded,
          cheibrodos_sewer_entry_drain, serial_shops, shop,
          nicolae_shop_behind_doors, shop, minmay_misc_feat_plants
D:4:      layout_loops_ring, hellmonk_overflow_destroyed_library,
          marbit_many_paths, lemuel_crystal_altar, enter_ossuary_3
D:5:      layout_basic, cheibriados_altar_1, chequers_serial_rivers_micro_b,
          hex_medium
D:6:      layout_rooms, nicolae_gozag_seed_capital,
          mainiacjoe_overflow_boulevard, uniq_menkaure
D:7:      layout_basic, lemuel_temple_firewalk_a
D:8:      layout_gridville, grunt_temple_overflow_forces_of_nature
D:9:      cheibrodos_histonic, layout_cave_pools, old_standard_altar,
          minmay_orc_entry_guard_dogs
D:10:     layout_basic
D:11:     layout_cave_pools, david_lair_shrubbed, serial_rivers,
          chequers_serial_rivers_micro_d, chequers_serial_rivers_micro_a,
          chequers_serial_rivers_room_b, chequers_serial_rivers_small_b,
          chequers_serial_rivers_large_b, chequers_serial_rivers_small_a
Lair:1:   layout_small_grid, gammafunk_ghost_grave, uniq_gastronok, uniq_fannar
Lair:2:   layout_regular_city, minmay_shoals_entry_lonely_mermaid,
          nzn_sisyphean_effort, uniq_amaemon

Skill      XL: |  1  2  3  4  5  6  7  8  9 10 11 12 |
---------------+-------------------------------------+-----
Stealth        | 1 2 |  2.0
Unarmed Combat | 4 5 6 8 10 12 13 14 | 14.2
Fighting       | 2 3 4 5 6 8 9 |  9.9
Shapeshifting  | 5 6 7 8 9 10 11 | 11.3
Dodging        | 4 6 |  6.0
Evocations     | 1 4 |  4.9
Shields        | 4 6 |  6.1

Action                     |  1- 3 |  4- 6 |  7- 9 | 10-12 || total
---------------------------+-------+-------+-------+-------++-------
  Melee: Unarmed           |   108 |   168 |   358 |   385 ||  1019
         Punch             |     3 |     5 |    28 |    12 ||    48
         Tailslap          |       |     2 |       |       ||     2
  Throw: Stone             |     3 |       |       |       ||     3
         Dart              |       |       |     4 |     3 ||     7
         Throwing net      |       |       |       |     2 ||     2
         Javelin           |       |       |       |     3 ||     3
 Invoke: Reject Sacrifices |       |       |     2 |     1 ||     3
         Sacrifice Arcana  |       |       |     1 |       ||     1
  Evoke: Wand              |       |       |       |    14 ||    14
    Use: Scroll            |       |     8 |    12 |     7 ||    27
         Potion            |       |       |     2 |     4 ||     6
   Stab: Sleeping          |       |     1 |       |       ||     1
         Held in net/web   |       |       |       |     1 ||     1
 Armour: Animal skin       |    33 |       |       |       ||    33
         Ring mail         |    25 |    53 |       |       ||    78
         Scale mail        |       |    79 |   205 |   103 ||   387
         Skin              |       |       |    79 |     1 ||    80
         Chain mail        |       |       |       |   102 ||   102
  Dodge: Dodged            |    59 |   111 |   173 |   105 ||   448
  Block: Kite shield       |       |       |       |   120 ||   120
         Reflection        |       |       |       |     1 ||     1
   Form: Beast             |       |       |       |     1 ||     1
         Flux              |       |       |       |     1 ||     1
